AoeStats
← 海霸天

Arabia

509098154Analyzed
3v3 RM · 8d ago on Sep 25, 2026· 45m 0s· 6 players
Game mode
Random Map
Map size
Normal (6 player)
Population
200
Speed
Normal
Resources
Standard
Victory
Conquest
Starting age
Dark Age
Ending age
Imperial Age
RankedLock teamsTeams togetherTeam positionsShared explorationLock speedFull tech treeHidden civsTurbo modeCheats
Victory
Defeat
🇹🇼 Bohemians · Taiwan
640
+9
🇮🇹 Celts · Italy
587
+11
🇹🇷 Turks · Türkiye
543
+11
🇨🇳 Chinese · China
488
-11
🇮🇳 Turks · India
479
-11
🇺🇸 Khitans · United States
435
-9
Classified2045
12:42 Feudal Age
11:06 Loom
19:27 Castle Age
17:24 Domestication
20:39 Double-Bit Axe
20:58 Pastoralism
22:47 Wheelbarrow
26:20 Thumb Ring
27:07 Gold Mining
27:12 Stone Mining
27:43 Fortified Wall
29:11 Padded Archer Armor
29:02 Fletching
29:14 Scale Mail Armor
31:41 Squires
31:27 Gambesons
31:28 Arson
31:43 Bodkin Arrow
32:04 Leather Archer Armor
32:32 Lamellar Armor
32:42 Elite Skirmisher
Kadyan
16:03 Feudal Age
16:25 Man-at-Arms
19:05 Gold Mining
19:05 Stone Mining
19:03 Double-Bit Axe
21:07 Horse Collar
24:07 Wheelbarrow
梦仔
12:47 Feudal Age
13:15 Horse Collar
13:24 Double-Bit Axe
15:52 Gold Mining
17:47 Wheelbarrow
16:58 Loom
19:10 Arson
22:19 Castle Age
23:02 Bloodlines
22:22 Elite Skirmisher
23:09 Thumb Ring
23:08 Squires
23:24 Fletching
23:35 Padded Archer Armor
24:59 Husbandry
24:20 Light Cavalry
25:45 Stone Mining
27:23 Bow Saw
27:46 Heavy Plow
28:29 Gold Shaft Mining
28:53 Stone Shaft Mining
28:24 Pikeman
29:36 Bodkin Arrow
31:32 Hand Cart
31:49 Leather Archer Armor
32:41 Ballistics
38:03 Imperial Age
38:33 Forging
38:24 Scale Mail Armor
38:30 Scale Barding Armor
39:48 Chemistry
38:45 Murder Holes
39:01 Masonry
salvo.anfuso
0:44 Loom
12:20 Feudal Age
25:49 Castle Age
27:35 Caravan
28:07 Coinage
27:33 Gold Mining
27:27 Horse Collar
27:40 Double-Bit Axe
29:50 Heavy Plow
34:08 Wheelbarrow
33:20 Town Watch
33:49 Bow Saw
35:13 Hand Cart
42:45 Imperial Age
40:25 Scale Barding Armor
40:21 Scale Mail Armor
40:22 Padded Archer Armor
40:12 Fletching
40:33 Forging
43:40 Chain Barding Armor
43:36 Chain Mail Armor
43:37 Leather Archer Armor
43:18 Bodkin Arrow
44:32 Elite Woad Raider
omerc898
1:28 Loom
14:45 Feudal Age
16:09 Wheelbarrow
15:39 Double-Bit Axe
16:39 Horse Collar
25:35 Castle Age
24:02 Gold Mining
26:48 Hand Cart
26:31 Stone Mining
28:37 Heavy Plow
28:54 Caravan
29:51 Bow Saw
31:23 Fletching
31:35 Padded Archer Armor
31:58 Crossbowman
33:01 Thumb Ring
33:52 Gold Shaft Mining
34:39 Ballistics
34:19 Bodkin Arrow
35:41 Leather Archer Armor
40:53 Imperial Age
39:11 Murder Holes
40:59 Fishing Lines
41:40 Bracer
41:58 Husbandry
44:35 Bloodlines
44:31 Treadmill Crane
45:13 Bombard Tower
海霸天
14:26 Feudal Age
12:42 Loom
15:08 Horse Collar
15:25 Double-Bit Axe
20:32 Castle Age
19:09 Wheelbarrow
18:44 Fletching
18:54 Padded Archer Armor
22:03 Bow Saw
22:56 Elite Skirmisher
23:48 Bodkin Arrow
24:19 Heavy Plow
25:05 Leather Archer Armor
26:46 Bow Saw
28:22 Ballistics
30:02 Chemistry
32:33 Hand Cart
32:04 Town Watch
37:25 Imperial Age
35:24 Scale Mail Armor
37:31 Wagenburg Tactics
38:57 Hussite Reforms
41:30 Bombard Tower
41:15 Bracer
41:46 Ring Archer Armor
Connection lost

Rejoining the realm…

Still unreachable

The connection could not be restored.

Session expired

The server has moved on; the page needs a fresh start.